Cogmind - Beta 14 @@@ ROGUE MODE // 2024.10.11 @ 22:04:11 Player: bluemonk Result: Destroyed by G-47 Trooper with Particle Gun Performance ------------- Evolutions (3) 1500 Regions Visited (7) 1400 Robots Destroyed (30) 150 Value Destroyed (994) 994 Prototype IDs (25) 500 Alien Tech Used (0) 0 Bonus (800) 800 TOTAL SCORE: 5344 Bonus ------- Entered DSFs 500 Aligned with FarCom 300 Cogmind --------- Core Integrity 0/700 Matter 278/300 Energy 95/100 System Corruption 0% Temperature Cool (-91) Movement Core (450) Ox8 Location -7/DSF Parts ------- > --- POWER (2) -------- (None) > --- PROPULSION (4) --- (None) > --- UTILITY (4) ------ Cryofiber Web Large Storage Unit > --- WEAPON (3) ------- Heavy Machine Gun > --- INVENTORY (15) --- Ion Engine Heat Sink Small Storage Unit Trap Scanner Mining Laser Peak State ------------ > --- POWER ------------ Improved Ion Engine > --- PROPULSION ------- Light Treads Light Treads Aluminum Leg Aluminum Leg > --- UTILITY ---------- Cryofiber Web Large Storage Unit High-capacity Matter Pod > --- WEAPON ----------- EM Pulse Gun YOLO Cannon > --- INVENTORY -------- Ion Engine Ion Engine Aluminum Leg Heat Sink Small Storage Unit Trap Scanner Hardened Light Armor Plating Medium Laser Mining Laser [Rating: 33] Favorites ----------- Power Ion Engine Engine Ion Engine Propulsion Light Treads Treads Light Treads Leg Aluminum Leg Utility Small Storage Unit Device Cryofiber Web Storage Small Storage Unit Protection Light Armor Plating Weapon YOLO Cannon Energy Gun EM Pulse Gun Energy Cannon YOLO Cannon Ballistic Gun Heavy Machine Gun Build | -11 -10 -10 -10 -9 -8 -7 -7 ------- Run | Yrd Mat Min Exi Min Mat Fac DSF Slots Evolved 6 | . . . . . 4 2 . Power 1 | . . . . . . 1 . Propulsion 2 | . . . . . 2 . . Utility 2 | . . . . . 1 1 . Weapon 1 | . . . . . 1 . . Parts Attached 23 | 6 1 . 2 . 10 2 2 Power 3 | 1 . . . . 1 1 . Engine 3 | 1 . . . . 1 1 . Core . | . . . . . . . . Reactor . | . . . . . . . . Propulsion 6 | 2 . . . . 3 . 1 Treads 3 | 2 . . . . . . 1 Leg 3 | . . . . . 3 . . Wheel . | . . . . . . . . Hover . | . . . . . . . . Flight . | . . . . . . . . Utility 8 | 1 1 . 1 . 4 1 . Device 2 | . . . . . 2 . . Storage 3 | 1 . . 1 . 1 . . Processor . | . . . . . . . . Hackware . | . . . . . . . . Protection 3 | . 1 . . . 1 1 . Artifact . | . . . . . . . . Weapon 6 | 2 . . 1 . 2 . 1 Energy Gun 4 | 2 . . . . 2 . . Energy Cannon 1 | . . . 1 . . . . Ballistic Gun 1 | . . . . . . . 1 Ballistic Cannon . | . . . . . . . . Launcher . | . . . . . . . . Special Weapon . | . . . . . . . . Impact Weapon . | . . . . . . . . Slashing Weapon . | . . . . . . . . Piercing Weapon . | . . . . . . . . Special Melee Weapon . | . . . . . . . . Unidentified Prototypes . | . . . . . . . . Parts Lost 12 | . . . . . 3 . 9 Power 2 | . . . . . . . 2 Propulsion 5 | . . . . . 2 . 3 Utility 2 | . . . . . . . 2 Weapon 3 | . . . . . 1 . 2 Highest Loss Streak 9 | . . . . . 3 . 9 To Critical Strikes . | . . . . . . . . Average Slot Usage (%) 86 | . 97 100 90 85 85 69 67 Engine 12 | . 14 14 14 14 9 7 12 Treads 19 | . 28 28 28 28 14 . 1 Leg 7 | . . . . . 17 15 12 Device 3 | . . . . . 7 7 7 Storage 17 | . 14 14 16 28 18 15 14 Protection 6 | . 11 14 11 . 1 7 6 Energy Gun 10 | . 28 28 10 . 8 7 4 Energy Cannon 7 | . . . 8 14 9 7 6 Peak Build Rating 33 | 6 7 7 25 25 33 33 33 Average Rating 22 | 4 6 7 18 25 30 32 29 On Entrance 16 | . 6 7 7 25 25 31 33 Naked Turns . | . . . . . . . . Heaviest Build 62 | 14 17 17 32 32 54 62 62 Greatest Support 40 | 40 40 40 40 40 40 20 20 Greatest Overweight (x) 8 | . . . . . 2 3 8 Average Overweight (x) . | . . . . . . 3 3 Largest Inventory Capacity 15 | 8 8 8 8 8 15 15 15 Average Capacity 10 | 6 8 8 8 8 14 15 15 Most Carried 9 | 6 7 8 8 8 9 6 5 Average Carried 7 | 2 6 7 7 7 7 5 5 Final Capacity 15 | 8 8 8 8 8 15 15 15 Final Carried 8 | 6 7 8 8 8 7 5 5 Class Distribution -------------------- 60% | Mutant 39% | Skirmisher Dominant Class ---------------- Mutant | -10/Materials Mutant | -10/Mines Mutant | -10/Exiles Mutant | -9/Mines Skirmisher | -8/Materials Skirmisher | -7/Factory Skirmisher | -7/DSF Resources | -11 -10 -10 -10 -9 -8 -7 -7 ----------- Run | Yrd Mat Min Exi Min Mat Fac DSF Matter Collected 393 | 219 . 51 10 20 85 . 8 Remotely . | . . . . . . . . Salvage Created 924 | . . 98 11 22 456 . 337 Parts 54 | . . 5 1 2 29 . 17 Haulers Intercepted 1 | . . . . . . . 1 Recyclers Shooed . | . . . . . . . . Parts Field Recycled . | . . . . . . . . Retrieved Matter . | . . . . . . . . Parts Self-Destructed . | . . . . . . . . Prevented . | . . . . . . . . Kills | -11 -10 -10 -10 -9 -8 -7 -7 ------- Run | Yrd Mat Min Exi Min Mat Fac DSF Combat Hostiles Destroyed 23 | . . 2 1 3 10 . 7 Guns 2 | . . 2 . . . . . Cannons 5 | . . . 1 . 1 . 3 AOE 13 | . . . . 3 8 . 2 Classes Destroyed 11 | . . 1 . 1 7 . 2 Worker 1 | . . . . . 1 . . Builder 2 | . . . . . 2 . . Hauler 1 | . . . . . . . 1 Recycler 2 | . . . . . 2 . . Carrier 1 | . . . . . 1 . . Swarmer 6 | . . . . 3 3 . . Cutter 3 | . . . . . 3 . . Grunt 9 | . . 2 1 . 2 . 4 Sentry 1 | . . . . . 1 . . Specialist 2 | . . . . . . . 2 Heavy 2 | . . . . . 1 . 1 Best Kill Streak 10 | . . 2 1 3 10 . 4 Combat Bots Only 6 | . . 2 1 3 6 . 4 Max Kills in Single Turn 4 | . . 1 1 3 4 . 2 Gunslinging . | . . . . . . . . Exploded 3 | . . . . 3 3 . 1 Melee . | . . . . . . . . Uniques/NPCs Destroyed . | . . . . . . . . Combat | -11 -10 -10 -10 -9 -8 -7 -7 -------- Run | Yrd Mat Min Exi Min Mat Fac DSF Hostile Shots Fired 113 | . . 14 . 2 13 . 84 Missed 30 | . . 3 . 2 2 . 23 Damage Taken 1953 | . . 159 . . 469 . 1325 Core 636 | . . 15 . . 135 . 486 Absorbed by Shields . | . . . . . . . . Core Remaining (%) 89 | 100 . . . 94 75 . . Volleys Fired 39 | . . 8 1 1 13 . 16 Largest 2 | . . 2 1 1 2 . 2 Hottest 150 | . . 90 100 100 150 . 150 Shots Fired 59 | . . 16 1 1 24 . 17 Gun 32 | . . 16 . . 11 . 5 Cannon 27 | . . . 1 1 13 . 12 Launcher . | . . . . . . . . Special . | . . . . . . . . Kinetic 3 | . . . . . . . 3 Thermal 44 | . . 8 1 1 20 . 14 Explosive . | . . . . . . . . Electromagnetic 12 | . . 8 . . 4 . . Robot Hit Streak 7 | . . 6 7 . 3 . 2 Robot Miss Streak 5 | . . 3 . 1 5 . 2 Penetration Max . | . . . . . . . . Secondary Targets . | . . . . . . . . Shots Hit Robots 29 | . . 12 1 . 8 . 8 Core Hits 25 | . . 5 1 2 12 . 5 Critical Kills 3 | . . . . . 1 . 2 Critical Parts Destroyed . | . . . . . . . . Critical Strikes 3 | . . . . . 1 . 2 Meltdown 3 | . . . . . 1 . 2 Melee Attacks . | . . . . . . . . Impact . | . . . . . . . . Slashing . | . . . . . . . . Piercing . | . . . . . . . . Sneak Attacks . | . . . . . . . . Combat Hostiles . | . . . . . . . . Follow-up Attacks . | . . . . . . . . Damage Inflicted 4246 | . . 155 99 181 1990 . 1821 Guns 215 | . . 155 . . 37 . 23 Cannons 1722 | . . . 99 . 867 . 756 Explosions 2309 | . . . . 181 1086 . 1042 Melee . | . . . . . . . . Ramming . | . . . . . . . . Kinetic 23 | . . . . . . . 23 Thermal 4118 | . . 75 99 181 1965 . 1798 Explosive . | . . . . . . . . Electromagnetic 105 | . . 80 . . 25 . . Impact . | . . . . . . . . Slashing . | . . . . . . . . Piercing . | . . . . . . . . Highest Corruption . | . . . . . . . . Average Corruption . | . . . . . . . . Corruption Purged . | . . . . . . . . Corruption Blocked . | . . . . . . . . Overload Shots . | . . . . . . . . Overflow Damage 507 | . . . . 29 332 . 146 Projectiles 318 | . . . . . 183 . 135 Explosions 189 | . . . . 29 149 . 11 Melee . | . . . . . . . . Knockbacks . | . . . . . . . . Impact . | . . . . . . . . Kinetic . | . . . . . . . . Secondary . | . . . . . . . . Self-Inflicted Damage 246 | . . . . . 123 . 123 Shots 4 | . . . . . 2 . 2 Rammed . | . . . . . . . . Targets Rammed . | . . . . . . . . Kicked . | . . . . . . . . Crushed . | . . . . . . . . Highest Temperature 405 | . . 405 32 20 . . . Average Temperature 170 | . . 205 16 10 . . . Received Heat Transfer 525 | . . 93 . . 18 . 414 Siege Activations . | . . . . . . . . Robots Corrupted . | . . . . . . . . Combat Hostiles . | . . . . . . . . Parts Fried . | . . . . . . . . Impact Corruptions . | . . . . . . . . Robots Melted 3 | . . . . . 1 . 2 Combat Hostiles 3 | . . . . . 1 . 2 Parts Melted 5 | . . 1 . 1 1 . 2 Heat Transferred 4149 | . . 222 80 240 1717 . 1890 Parts Sabotaged . | . . . . . . . . Parts Stolen . | . . . . . . . . Parts Stripped . | . . . . . . . . Power Chain Reactions . | . . . . . . . . Alert | -11 -10 -10 -10 -9 -8 -7 -7 ------- Run | Yrd Mat Min Exi Min Mat Fac DSF Peak Influence 453 | . 4 51 . 93 453 205 379 Initial 205 | . . 1 . . 35 205 147 Average 95 | . 1 40 . 91 102 205 209 Maximum Alert Level 2 | . . . . . 2 1 1 Low Security (%) 89 | 100 100 100 . 100 91 . 60 Level 1 8 | . . . . . 2 100 39 Level 2 2 | . . . . . 5 . . Level 3 . | . . . . . . . . Level 4 . | . . . . . . . . Level 5 . | . . . . . . . . High Security . | . . . . . . . . Max Security . | . . . . . . . . Squads Dispatched 6 | . . . . . 4 . 2 Investigation . | . . . . . . . . Extermination . | . . . . . . . . Reinforcement 4 | . . . . . 2 . 2 Assault 1 | . . . . . 1 . . Garrison 1 | . . . . . 1 . . Intercept . | . . . . . . . . Searches Triggered . | . . . . . . . . Construction Impeded . | . . . . . . . . Haulers Reinforced . | . . . . . . . . Active Scanning Responses . | . . . . . . . . Cargo Convoy Interrupts . | . . . . . . . . Stealth | -11 -10 -10 -10 -9 -8 -7 -7 --------- Run | Yrd Mat Min Exi Min Mat Fac DSF Distress Signals . | . . . . . . . . Communications Jammed . | . . . . . . . . Distress Signals . | . . . . . . . . Times Spotted 24 | . . 2 . 3 10 . 9 Peak Tracking Total 6 | . . 2 . 3 5 . 6 Tactical Retreats . | . . . . . . . . Traps | -11 -10 -10 -10 -9 -8 -7 -7 ------- Run | Yrd Mat Min Exi Min Mat Fac DSF Traps Triggered . | . . . . . . . . Indirectly . | . . . . . . . . Trap Hack Attempts . | . . . . . . . . Triggered . | . . . . . . . . Disarmed . | . . . . . . . . Reprogrammed . | . . . . . . . . Reused . | . . . . . . . . Traps Extracted . | . . . . . . . . Installed . | . . . . . . . . Triggered . | . . . . . . . . Machines | -11 -10 -10 -10 -9 -8 -7 -7 ---------- Run | Yrd Mat Min Exi Min Mat Fac DSF Machines Disabled 6 | . . . 2 1 3 . . Max in Single Turn 2 | . . . 2 1 1 . . Garrison Access 1 | . . . . . 1 . . Machines Repaired . | . . . . . . . . Machines Dismantled . | . . . . . . . . Machines Sabotaged . | . . . . . . . . Overloaded Fab Kills . | . . . . . . . . Hacking | -11 -10 -10 -10 -9 -8 -7 -7 --------- Run | Yrd Mat Min Exi Min Mat Fac DSF Machines Accessed 5 | . 1 . 2 . 1 1 . Terminals 3 | . 1 . . . 1 1 . Fabricators . | . . . . . . . . Repair Stations . | . . . . . . . . Recycling Units . | . . . . . . . . Scanalyzers . | . . . . . . . . Garrison Access . | . . . . . . . . Total Hacks 8 | . 4 . 2 . 1 1 . Successful 5 | . 2 . 2 . . 1 . Failed 3 | . 2 . . . 1 . . Catastrophic 1 | . . . . . 1 . . Database Lockouts . | . . . . . . . . Manual 2 | . . . 1 . 1 . . Terminals 6 | . 4 . . . 1 1 . Fabricators . | . . . . . . . . Repair Stations . | . . . . . . . . Recycling Units . | . . . . . . . . Scanalyzers . | . . . . . . . . Garrison Access . | . . . . . . . . Terminal Hacks 5 | . 2 . 2 . . 1 . Record 1 | . . . 1 . . . . Prototype ID Bank 1 | . 1 . . . . . . Open DSF 1 | . . . . . . 1 . Locate Traps 1 | . 1 . . . . . . Derelict Proto ID Bank 1 | . . . 1 . . . . Fabricator Hacks . | . . . . . . . . Repair Station Hacks . | . . . . . . . . Recycling Unit Hacks . | . . . . . . . . Scanalyzer . | . . . . . . . . Garrison Access Hacks . | . . . . . . . . Unauthorized Hacks . | . . . . . . . . Terminals . | . . . . . . . . Fabricators . | . . . . . . . . Repair Stations . | . . . . . . . . Recycling Units . | . . . . . . . . Scanalyzers . | . . . . . . . . Garrison Access . | . . . . . . . . Data Cores Recovered . | . . . . . . . . Used . | . . . . . . . . Hacking Detections 2 | . 1 . . . 1 . . Full Trace Events . | . . . . . . . . Feedback Events . | . . . . . . . . Feedback Blocked . | . . . . . . . . Robot Schematics Acquired . | . . . . . . . . Robots Built . | . . . . . . . . Authchips . | . . . . . . . . Time . | . . . . . . . . Total Robot Build Rating . | . . . . . . . . Part Schematics Acquired . | . . . . . . . . Parts Built . | . . . . . . . . Authchips . | . . . . . . . . Time . | . . . . . . . . Total Part Build Rating . | . . . . . . . . Parts Repaired . | . . . . . . . . Time . | . . . . . . . . Parts Recycled . | . . . . . . . . Recycled Matter . | . . . . . . . . Retrieved Matter . | . . . . . . . . Retrieved Components . | . . . . . . . . Parts Scanalyzed . | . . . . . . . . Part Schematics Acquired . | . . . . . . . . Parts Damaged . | . . . . . . . . Bothacking | -11 -10 -10 -10 -9 -8 -7 -7 ------------ Run | Yrd Mat Min Exi Min Mat Fac DSF Used RIF Installer . | . . . . . . . . Robots Hacked . | . . . . . . . . Non-combat . | . . . . . . . . Combat . | . . . . . . . . Robot Hacks Applied . | . . . . . . . . Relay Couplers Released 2 | . . . . . 2 . . Machine Destruction 2 | . . . . . 2 . . Fabnet Peak Effective % . | . . . . . . . . Robots Rewired . | . . . . . . . . Allies Hacked . | . . . . . . . . Hacks Repelled . | . . . . . . . . Allies | -11 -10 -10 -10 -9 -8 -7 -7 -------- Run | Yrd Mat Min Exi Min Mat Fac DSF Total Allies . | . . . . . . . . Largest Group . | . . . . . . . . Highest-Rated Group . | . . . . . . . . Highest-Rated Ally . | . . . . . . . . Total Orders . | . . . . . . . . Ally Attacks . | . . . . . . . . Total Damage . | . . . . . . . . Kills . | . . . . . . . . Allies Corrupted . | . . . . . . . . Allies Melted . | . . . . . . . . Intel | -11 -10 -10 -10 -9 -8 -7 -7 ------- Run | Yrd Mat Min Exi Min Mat Fac DSF Robot Analysis Total . | . . . . . . . . Derelict Logs Recovered . | . . . . . . . . Drone Launches . | . . . . . . . . Drone Recoveries . | . . . . . . . . Exploration | -11 -10 -10 -10 -9 -8 -7 -7 ------------- Run | Yrd Mat Min Exi Min Mat Fac DSF Turns Passed 1722 | 95 150 72 502 148 541 9 205 Spaces Moved 820 | 59 93 30 307 90 194 3 44 Core 15 | 12 . . . . . . 3 Treads 741 | 47 93 30 307 90 174 . . Legs 64 | . . . . . 20 3 41 Wheels . | . . . . . . . . Hover . | . . . . . . . . Flight . | . . . . . . . . Fastest Speed 50 | 50 160 160 160 160 160 330 260 Average Speed 185 | 137 160 160 160 160 232 330 322 Slowest Speed 450 | 160 160 160 160 160 260 330 450 Overloaded Moves . | . . . . . . . . Propulsion Burnouts . | . . . . . . . . Robots Hopped . | . . . . . . . . Cave-ins Triggered . | . . . . . . . . Exploration Rate (%) 27 | 4 27 4 64 15 27 . 51 Regions Visited 7 Branch Regions 3 Pre-discovered Areas 1 | . . . 1 . . . . Known Exits Taken 1 | . . . . . . 1 . Unknown Exits Taken 6 | 1 1 1 1 1 1 . . Scrap Searched . | . . . . . . . . Spaces Dug . | . . . . . . . . Terrain Destroyed 214 | . . . 8 15 98 . 93 Melee . | . . . . . . . . Projectile 9 | . . . . 1 4 . 4 AOE 205 | . . . 8 14 94 . 89 Terrain Rammed . | . . . . . . . . Walls Destroyed . | . . . . . . . . Machines Disabled . | . . . . . . . . Actions | -11 -10 -10 -10 -9 -8 -7 -7 --------- Run | Yrd Mat Min Exi Min Mat Fac DSF Total 908 | 70 94 38 316 92 232 4 62 Wait 11 | . . . . . 11 . . Move 813 | 58 92 29 306 89 193 2 44 Hop . | . . . . . . . . Pick Up 15 | 6 1 1 2 1 4 . . Fast Attach 12 | 6 1 . 2 . 1 . 2 Attach 7 | . . . . . 5 2 . Detach . | . . . . . . . . Swap 4 | . . . . . 4 . . Drop 7 | . . . 5 1 1 . . Fire 39 | . . 8 1 1 13 . 16 Melee . | . . . . . . . . Ram . | . . . . . . . . Kick . | . . . . . . . . Crush . | . . . . . . . . Escape Stasis . | . . . . . . . . Rewire . | . . . . . . . . Trap . | . . . . . . . . Miscellaneous . | . . . . . . . . Route ------- -11/Scrapyard -10/Materials -10/Mines -10/Exiles (discovered 2 exits: [*Min x2]) -9/Mines -8/Materials -7/Factory -7/DSF History --------- Turn | Location | Event 3 | -11/Scrapyard | Discovered new exit (range 15) 96 | -11/Scrapyard | Entered Materials 181 | -10/Materials | Discovered new exit (range 16) 246 | -10/Materials | Entered Mines 262 | -10/Mines | Met a Derelict bent on vengeance 301 | -10/Mines | Build established: Mutant 310 | -10/Mines | Deemed a non-threat by the Exiles lab entrance 311 | -10/Mines | Discovered new exit (range 5) 318 | -10/Mines | Entered Exiles 339 | -10/Exiles | Discovered new exit (range 15) 362 | -10/Exiles | Met 8R-AWN 386 | -10/Exiles | Met EX-HEX 427 | -10/Exiles | Met EX-BIN 454 | -10/Exiles | Aligned with FarCom system 456 | -10/Exiles | Given EX-Vault access code 494 | -10/Exiles | Opened EX-Vault 505 | -10/Exiles | Found YOLO Cannon 545 | -10/Exiles | Warned to stay clear of 0b10 Research branches 565 | -10/Exiles | Exiles lab attacked by MAIN.C 614 | -10/Exiles | Learned location of Zion (-7) 773 | -10/Exiles | Discovered new exit (range 10) 820 | -10/Exiles | Left Exiles lab with YOLO Cannon 820 | -10/Exiles | Entered Mines 861 | -9/Mines | Found a damaged Exp. Sensor Array with a note attached 911 | -9/Mines | Discovered new exit (range 12) 968 | -9/Mines | Entered Materials 968 | -8/Materials | Evolved 4 slots: Propulsion x2, Utility x1, Weapon x1 1286 | -8/Materials | Build established: Skirmisher 1442 | -8/Materials | Lost 3 parts (2n1w) 1450 | -8/Materials | Discovered new exit (range 15) 1470 | -8/Materials | Garrison activated, responded to threat 1509 | -8/Materials | Entered Factory 1509 | -7/Factory | Evolved 2 slots: Power x1, Utility x1 1518 | -7/Factory | Identified exit to DSF 1518 | -7/Factory | Entered DSF 1581 | -7/DSF | Additional patrols routed to DSF 1700 | -7/DSF | YOLO Cannon suddenly exploded 1701 | -7/DSF | Core integrity fell below 50% 1706 | -7/DSF | Core integrity fell below 20% 1723 | -7/DSF | Destroyed by G-47 Trooper with Particle Gun Last Messages --------------- C-30 ARC bursts open, deploying its payload. G-50 Soldier unfolds itself. G-47 Trooper unfolds itself. Aluminum Leg destroyed. Acquired Lgt. Treads. Imp. Ion Engine destroyed. Destroyed Aluminum Leg. G-47 Trooper suffers critical hit (Meltdown). Imp. Heat Sink melted. G-47 Trooper destroyed. Destroyed Aluminum Leg. G-47 Trooper destroyed. Aluminum Leg destroyed. YOLO Cannon suddenly explodes. Hcp. Matter Pod destroyed. Lgt. Treads destroyed. Hrd. Light Armor Plating destroyed. Core damaged (-220). Ion Engine destroyed. Acquired Hvy. Machine Gun. Map ----- +----------------------------------------------------+ | | | | | | | ?????????????????????????????????????????????? | | ?????????????????????????????????????????????? | | ?????????????????????????????????????????????? | | ?????????????????????????????????????????????? | | ?????????????????????????????????????????????? | | ?????????????????????????????????????????????? | | ?????????????????????????????????????????????? | | ?????????????????????????????????????????????? | | ?????????????????????????????????????????????? | | ?????????????????????????????????????????????? | | ???????????????????? ????????????????????????? | | ??????????????????# ????????????????????????? | | ????????????????### ????????????????????????? | | ?????????????????// ????????????????????????? | | ?????????????????// ???????????????????????? | | ??????????????????/ ???????????????????????? | | ????????????????### ???????????????????????? | | ????????????????#!! ???????????????????????? | | ????????????????#!! ???????????????????????? | | ???????????????##!! ???????????????????????? | | ?????????#######;;; #################??????? | | ????????#!!!; !;; ;##[[[# ## !!#??????? | | ????????#! ; ; a a ;@[[# ## !!#??????? | | ??????? % = g * % ==###????? | | ??????? % = ! ==; #????? | | ??????? *%! ==;#?????? | | ????????# ! ;= !#;a = || ; !!##?????? | | ?????????!!!#!??##; ; %!!#??????? | | ?????????????????## ##; ;##??????? | | ?????????????????!! [[ ### ;#??????? | | ????????????????#! g [[ #?# #??????? | | ????????????????#! %[[;#?## #??????? | | ????????????????#; ;#??## % #??????? | | ????????????????# ;#???? !! ! #??????? | | ????????????????# ##????# !!= !"#??????? | | ????????????????# #???####;=%*"##??????? | | ????????????????##" ;##!??#!!?##! ###??????? | | ?????????????????## ###!!!#!!## ""###????? | | ???????????????? """""????? | | ???????????????? ""##"????? | | ????????????????# !! # # ##"""""#??????? | | ????????????????????????##??###?#"""""#??????? | | ????????????????????????????????##"####??????? | | ?????????????????????????????????#"#?????????? | | ?????????????????????????????????#""?????????? | | ??????????????????????????????????##?????????? | | ?????????????????????????????????????????????? | +----------------------------------------------------+ Best States ------------- Heat Dissipation 41 Energy Generation 17 Energy Capacity 415 Matter Stores 500 Matter Capacity 500 Sight Range 16 Terrain Scan Density 10 Base Temperature (-) 100 Armor Coverage 150 Evasion (%) 40 Recoil Reduction 2 Item Schematics ----------------- None Robot Schematics ------------------ None Fabricated ------------ Nothing Alien Tech Used ----------------- None Achievements -------------- None Challenges ------------ None Game ------ Seed NodeHardcellDoublenader Manual? 0 Play Time 00:15:47 Cumulative 32.5 hours Start 2024.10.11 @ 21:50:16 End 2024.10.11 @ 22:04:11 Sessions 1 Manual Loads 0 Difficulty Rogue Special Mode None Game No. 53 Rogue 53 Adventurer 0 Explorer 0 Win Type - Total 0 Types 0/0/0/0/0/0/0/0/0 Lore% 13 Gallery% 33 Achievement% 27 Wizard Run 0 Options --------- Layout 1 ASCII 0 Keyboard 0 Movement Numpad Keybinds 0 Fullscreen 1 Font 24/Smallcaps Map View 50x35 Zoom Use 0% Tactical HUD 0 Map Filters NONE Filters NONE Steam 1 RUN: 7ce27091-5804-4979-924a-f6d486e1a7b4